 Dungeon Crawl Stone Soup version 0.18.1-6-gd335043 (webtiles) character file.

103 inmateoo the Grave Robber (level 4, -4/21 HPs)
             Began as a Vine Stalker Necromancer on May 16, 2016.
             Was a Believer of Cheibriados.
             Slain by a gnoll
             ... wielding a +0 spear
              (7 damage)
             ... on level 3 of the Dungeon.
             The game lasted 00:04:05 (1328 turns).

inmateoo the Grave Robber (VSNe)                    Turns: 1328, Time: 00:04:06

Health: -4/21      AC:  2    Str: 15    XL:     4   Next: 79%
Magic:  0/8        EV: 12    Int: 20    God:    Cheibriados [**....]
Gold:   51         SH:  0    Dex: 18    Spells: 2 memorised, 6 levels left

rFire  . . .     SeeInvis .       - Unarmed
rCold  . . .     Gourm    .     a - +0 robe
rNeg   . . .     Faith    .     (no shield)
rPois  .         Spirit   +     (no helmet)
rElec  .         Dismiss  .     (no cloak)
rCorr  .         Reflect  .     (no gloves)
SustAt .         Harm     .     (no boots)
MR     .....                    (no amulet)
Stlth  ++........               (no ring)
                                (no ring)

@: very slow, not resistant to hostile enchantments, unstealthy
A: fangs 2, regeneration 1, magic shield, antimagic bite, no device heal 3, rot
immunity
a: Bend Time, Renounce Religion


You were on level 3 of the Dungeon.
You worshipped Cheibriados.
Cheibriados was pleased with you.
You were not hungry.

You visited 1 branch of the dungeon, and saw 3 of its levels.

You collected 51 gold pieces.

Inventory:

Hand Weapons
 d - a +0 dagger
Armour
 a - a +0 robe (worn)
Scrolls
 l - a scroll of remove curse
Books
 b - a book of Necromancy

   Spells                             Type                      Level
   a - Pain                           Necromancy                   1
   b - Animate Skeleton               Necromancy                   1
   c - Vampiric Draining              Necromancy                   3
   d - Regeneration                   Charms/Necromancy            3
   e - Animate Dead                   Necromancy                   4
   f - Control Undead                 Necromancy                   4
Miscellaneous
 e - a plain deck of wonders {drawn: 2}
Comestibles
 c - a bread ration
 f - 2 chunks of flesh
 h - 2 fruits


   Skills:
 - Level 1.8 Dodging
 - Level 2.6 Stealth
 * Level 3.5 Unarmed Combat
 - Level 2.5 Spellcasting
 - Level 4.2 Necromancy


You had 6 spell levels left.
You knew the following spells:

 Your Spells              Type           Power        Failure   Level  Hunger
a - Pain                  Necr           ###.         2%          1    None
b - Animate Skeleton      Necr           N/A          2%          1    None


Dungeon Overview and Level Annotations

Branches:
Dungeon (3/15)

Altars:
Cheibriados
Fedhas
Nemelex Xobeh
Qazlal


Innate Abilities, Weirdness & Mutations

You have extremely sharp teeth.
Your natural rate of healing is unusually fast.
When hurt, damage is shared between your health and your magic reserves.
Your bite disrupts and absorbs the magic of your enemies.
Potions and wands cannot restore your health.
You are immune to rotting.


Message History

You see here 2 stones.
Unknown command.
Unknown command.
You hit the gnoll.
The gnoll is moderately wounded.
The gnoll hits you with a spear.
* * * LOW HITPOINT WARNING * * *
Unknown command.
Unknown command.
You hit the gnoll.
The gnoll is heavily wounded.
The gnoll hits you with a spear.
* * * LOW HITPOINT WARNING * * *
The gnoll throws a stone.
The stone barely misses you.
Unknown command.
Unknown command.
You barely miss the gnoll. You punch the gnoll.
The gnoll is heavily wounded.
The gnoll hits you with a spear!
You die...

#.....# ###..........#
#####.####......÷÷.####
#
#..............#######
#
#.##.#.#....#........#
##
#.#.##.##..÷...#####.#
.# #....<.....g.#h# #.#
.# #.#.##.####.##g# #.#
.# #.#..#.#.#.g#..# #.#
.####.#.#..#.#.#@_.#
#.#
....#.#.##.#.#.#####
#.# ###.#.#.####.#.###
#.# #.#....###.#.#.##
##.## #........#.#.#.†#
#...#######
#......###.#.#..#
#.........# #..>#.##
#.#.##.# #....####.#
#...#.# # #..#.# #).).#
#.# #...#.# ##.#.#
#....# #.#


You could see 3 gnolls and a jackal.

Vanquished Creatures
  5 adders (D:3)
  2 dart slugs (D:1)
  4 giant geckos
  2 orcs (D:3)
  A ball python (D:1)
  2 giant cockroaches (D:1)
  7 goblins
  6 hobgoblins
  2 jackals (D:3)
  3 kobolds
  6 bats
  6 rats
46 creatures vanquished.

Vanquished Creatures (collateral kills)
  A bat (D:2)
  A hobgoblin (D:1)
2 creatures vanquished.

Grand Total: 48 creatures vanquished

Notes
Turn   | Place    | Note
--------------------------------------------------------------
     0 | D:1      | inmateoo the Vine Stalker Necromancer began the quest for the Orb.
     0 | D:1      | Reached XP level 1. HP: 9/9 MP: 4/4
    76 | D:1      | Reached XP level 2. HP: 12/13 MP: 1/6
   145 | D:1      | Found a snail-covered altar of Cheibriados.
   152 | D:1      | Became a worshipper of Cheibriados the Contemplative
   319 | D:1      | Learned a level 1 spell: Animate Skeleton
   399 | D:1      | Reached skill level 1 in Unarmed Combat
   513 | D:1      | Reached XP level 3. HP: 16/16 MP: 7/7
   759 | D:1      | Reached * piety under Cheibriados
   813 | D:2      | Found a blossoming altar of Fedhas.
   903 | D:3      | Reached XP level 4. HP: 21/21 MP: 6/8
  1044 | D:3      | Found a stormy altar of Qazlal.
  1195 | D:3      | Reached ** piety under Cheibriados
  1236 | D:3      | Found a sparkling altar of Nemelex Xobeh.
  1323 | D:3      | Drew Focus: Int increased to 16, Str decreased to 11
  1328 | D:3      | Slain by a gnoll

Skill      XL: |  1  2  3  4 |
---------------+-------------+-----
Unarmed Combat | 1 2 3 |  3.5
Dodging        | |  1.8
Stealth        | |  2.6
Spellcasting   | |  2.5
Necromancy     | |  4.2

Action                   |  1- 3 |  4- 6 || total
-------------------------+-------+-------++-------
Melee: Dagger            |    87 |       ||    87
       Bite              |    14 |    13 ||    27
       Unarmed           |     4 |    62 ||    66
       Punch             |       |     1 ||     1
 Cast: Pain              |    18 |       ||    18
       Animate Skeleton  |     6 |       ||     6
Evoke: Deck              |       |     2 ||     2
  Use: Scroll            |     1 |     3 ||     4
       Potion            |     1 |     1 ||     2
 Stab: Sleeping          |     7 |     2 ||     9
  Eat: Chunk             |       |     1 ||     1
Armor: Robe              |    23 |     6 ||    29
       Skin              |     9 |     2 ||    11
Dodge: Dodged            |    70 |    50 ||   120
